 Dungeon Crawl Stone Soup version 0.30-a0-691-g754fce4c43 (webtiles) character file.

Game seed: 14808619633414531487

110898 drugrobin the Wrestler (level 15, -14/137 HPs)
             Began as a Demigod Delver on Jan 20, 2023.
             Demolished by a titanic slime creature (79 damage)
             ... in an ice cave.
             The game lasted 01:51:57 (31450 turns).

drugrobin the Wrestler (Demigod Delver)            Turns: 31450, Time: 01:51:57

Health: -14/137    AC: 18    Str: 28    XL:     15   Next: 60%
Magic:  18/18      EV: 13    Int: 20    God:
Gold:   727        SH:  4    Dex: 19    Spells: 11/14 levels left

rFire   . . .      SeeInvis +      - Unarmed
rCold   + . .      Faith    .    j - +0 buckler
rNeg    . . .      Spirit   .    O - +0 chain mail {rC+}
rPois   .          Reflect  .    v - +2 helmet
rElec   .          Harm     .    i - +1 cloak of the Salamander {Will+}
rCorr   .          Rampage  .    r - +3 pair of gauntlets of War {Slay+5}
Will    ++...                    q - +0 pair of boots Stlth
                                 P - amulet of regeneration
HPRegen 1.22/turn                (no ring)
MPRegen 0.16/turn                J - ring "Iremoes" {Contam EV+5 Str+7 SInv, =R}

@: no status effects
A: high MP 1, forlorn, divine attributes
a: no special abilities


You were in an ice cave.
You visited 5 branches of the dungeon, and saw 23 of its levels.
You also visited: Sewer, Ossuary and Ice Cave.

You collected 1892 gold pieces.
You spent 1165 gold pieces at shops.

Inventory:

Hand Weapons
 b - the +9 sling of Sedallai {heavy, rF+}
   (You found it on level 1 of the Swamp)

   rF:        It protects you from fire.
 c - a +1 dagger of venom
Missiles
 E - 14 boomerangs (quivered)
 K - 27 poisoned darts
Armour
 i - the +1 cloak of the Salamander (worn) {Will+}
   (You found it on level 2 of the Swamp)

   Will:      It increases your willpower.
 j - a +0 buckler (worn)
 p - a +2 chain mail of fire resistance
 q - a +0 pair of boots (worn)
 r - the +3 pair of gauntlets of War (worn) {Slay+5}
   (You found it on level 5 of the Lair of Beasts)

   Slay:      It affects your accuracy & damage with ranged weapons and melee
   (+5).
 v - a +2 helmet (worn)
 z - +0 swamp dragon scales
 O - a +0 chain mail of cold resistance (worn)
Jewellery
 o - a ring of flight
 t - a ring of resist corrosion
 A - a ring of fire
 J - the ring "Iremoes" (right hand) {Contam EV+5 Str+7 SInv, =R}
   (You bought it in a shop on level 2 of the Orcish Mines)

   [ring of evasion]

   EV:        It affects your evasion (+5).
   Str:       It affects your strength (+7).
   SInv:      It lets you see invisible.
   Contam:    It causes magical contamination when unequipped.
 P - an amulet of regeneration (around neck)
 T - a +6 ring of dexterity
Wands
 f - a wand of digging (3)
 k - a wand of iceblast (7)
 n - a wand of light (16)
 B - a wand of flame (14)
 M - a wand of charming (15)
 R - a wand of mindburst (13)
 U - a wand of polymorph (4)
Scrolls
 h - a scroll of silence
 l - 12 scrolls of teleportation
 m - 3 scrolls of butterflies
 w - 3 scrolls of fog
 x - 3 scrolls of vulnerability
 y - 10 scrolls of immolation
 C - 3 scrolls of fear
 D - 2 scrolls of blinking
 I - 5 scrolls of poison
 Q - 3 scrolls of identify
Potions
 a - a potion of cancellation
 d - a potion of resistance {unknown}
 e - 3 potions of haste
 g - a potion of might
 s - a potion of attraction
 F - a potion of invisibility
 G - 3 potions of heal wounds
 L - 4 potions of curing
 N - 2 potions of ambrosia
 W - a potion of berserk rage


   Skills:
 + Level 13.8 Fighting
 - Level 1.7 Dodging
 - Level 4.5 Stealth
 * Level 22.3 Unarmed Combat
 - Level 4.0 Evocations


You had 11 spell levels left.
You knew the following spells:

 Your Spells              Type           Power      Damage    Failure   Level
a - Summon Small Mammal   Summ           0%         N/A       86%         1
b - Sting                 Tmut/Pois      0%         1d3       86%         1
q - Apportation           Tloc           0%         N/A       86%         1

Your spell library contained the following spells:

 Spells                   Type           Power      Damage    Failure   Level
 Kiss of Death            Conj/Necr      0%         2d5       86%         1
 Necrotise                Necr           0%         1d4       86%         1
 Passwall                 Tmut/Erth      0%         N/A       95%         2
 Poisonous Vapours        Pois/Air       0%         N/A       95%         2
 Scorch                   Fire           0%         2d5       95%         2
 Confusing Touch          Hex            0%         N/A       99%         3
 Ignite Poison            Fire/Tmut/Pois 0%         N/A       99%         3
 Kindle Blastsparks       Fire/Tloc/Air  0%         2d10      99%         3
 Vampiric Draining        Necr           0%         2d6       99%         3
 Dispel Undead            Necr           0%         3d6       100%        4
 Flame Wave               Conj/Fire      0%         2d4       100%        4
 Olgreb's Toxic Radiance  Pois           0%         N/A       100%        4
 Summon Ice Beast         Ice/Summ       0%         N/A       100%        4
 Agony                    Necr           0%         N/A       100%        5
 Freezing Cloud           Conj/Ice/Air   0%         6-21      100%        5
 Summon Mana Viper        Hex/Summ       0%         N/A       100%        5
 Eringya's Noxious Bog    Tmut/Pois      0%         N/A       100%        6
 Summon Cactus Giant      Summ           0%         N/A       100%        6
 Monstrous Menagerie      Summ           0%         N/A       100%        7


Dungeon Overview and Level Annotations

Branches:
Dungeon (10/15)            Temple (0/1) D:5            Lair (5/5) D:8
  Swamp (4/4) Lair:3        Snake (2/4) Lair:2        Slime (0/5) Lair:5
    Orc (2/2) D:9             Elf (0/3) Orc:2         Sewer (visited)
Ossuary (visited)           IceCv (1/1)

Shops:
D:10 (   Orc:2 [=*   Snake:1 **!:

Portals:
Pandemonium: Orc:2

Annotations:
D:8 1 runed translucent door, exclusion: door
D:10 exclusion: door
Lair:5 exclusion: 3 oklob plants
Swamp:1 exclusion: downstairs
Swamp:4 Mara


Innate Abilities, Weirdness & Mutations

You have an increased reservoir of magic. (+10% MP)
You shall have no god before yourself.
Your divine heritage dramatically boosts your attributes as you level up.


Message History

The slime creature is almost dead.
You punch the slime creature!
You kill the slime creature!
The slime creature quivers.
Unknown command.
You pummel the large slime creature!!
The large slime creature is moderately wounded.
The large slime creature hits you!!
A slime creature comes into view.
You pummel the large slime creature!!
The large slime creature is heavily wounded.
You barely miss the large slime creature.
The large slime creature is heavily wounded.
Two slime creatures merge to form a very large slime creature.
Unknown command.
You hit the very large slime creature.
The very large slime creature is moderately wounded.
Two slime creatures merge to form an enormous slime creature.
A slime creature comes into view.
Unknown command.
You pummel the enormous slime creature!!
The enormous slime creature is moderately wounded.
Unknown command.
Two slime creatures merge to form a titanic slime creature.
Unknown command.
A slime creature comes into view.
Unknown command.
The slime creature quivers.
Unknown command.
Unknown command.
You pummel the titanic slime creature!!
The titanic slime creature is moderately wounded.
The titanic slime creature hits you!!!
You pummel the titanic slime creature!!
The titanic slime creature is moderately wounded.
Unknown command.
The titanic slime creature attacks as you move away!
The titanic slime creature hits you!!!!
Ouch! That really hurt!
You die...

#...#...##
#....#..## #.JJ
##...###...##...##
#.J
#....##..####...#
#.
#..J.##..##.##..##
#
##...##..##[)##..#
#...##...#[[.#..#
##.J##...##..##.##
#.J##....#..##..#
#.@####..##..#..#
#..# #...#..##.###
#..# ##..##..#..##
#..## #..##..#....
##..#
##..#...#..##
#..###..##..##.###
#...##..##..#..#
#...#...##.##..#
#......##..#..##


You could see a titanic slime creature and 2 slime creatures.

Vanquished Creatures
  Jorgrun (Orc:2)
  Mlioglotl (Swamp:4)
  An orc warlord (D:9)
  2 ghouls (Swamp:2)
  Aizul (Snake:1)
  2 quicksilver oozes (IceCv)
  A dire elephant (Lair:5)
  7 eleionomae
  3 bunyips
  7 hydras
  A salamander tyrant (Snake:1)
  3 catoblepae
  4 ghost crabs
  2 demonspawn (Orc:2)
  11 alligators
  A boulder beetle (D:10)
  Erica (Lair:2)
  4 two-headed ogres
  A deep troll shaman (Lair:5)
  A naga warrior (Snake:1)
  7 orc high priests (Orc:2)
  A naga sharpshooter (Snake:1)
  5 death yaks
  2 shock serpents (Snake:1)
  A sixfirhy (Swamp:4)
  2 sun demons (Orc:2)
  2 salamander mystics
  2 death drakes (Swamp:4)
  4 goliath frogs
  A spriggan druid (Swamp:1)
  3 swamp dragons
  A bog body (Swamp:3)
  2 naga ritualists (Snake:1)
  2 wizards (Swamp:4)
  An orange crystal statue (IceCv)
  5 orc knights
  4 mana vipers
  2 salamanders
  5 orc sorcerers
  10 elephants
  3 will-o-the-wisps
  9 black mambas
  3 naga magi (Snake:1)
  A gargoyle (D:10)
  A rust devil (Orc:2)
  2 orange demons
  9 cane toads
  A rime drake (Lair:3)
  Psyche (D:7)
  A kobold demonologist (D:9)
  An unseen horror (D:10)
  6 komodo dragons
  2 bloated husks
  A troll (Orc:1)
  8 tyrant leeches
  A polar bear (Lair:5)
  A hornet (Swamp:4)
  21 blink frogs
  21 slime creatures (IceCv)
  4 spriggans
  A shadow (D:10)
  2 wyverns
  56 yaks
  A ynoxinul (D:9)
  6 basilisks
  A steam dragon (D:7)
  Menkaure (D:6)
  8 swamp worms
  6 nagas
  3 wargs
  Edmund (D:4)
  Duvessa (D:6)
  13 water moccasins
  29 orc warriors
  4 swamp drakes
  3 black bears
  2 great orb of eyes simulacra (IceCv)
  8 ogres
  9 wolves
  3 slime creature simulacra (IceCv)
  4 centaurs
  3 kobold brigands
  A phantom (D:6)
  An elf zombie (Ossuary)
  A gnoll sergeant (D:9)
  4 bullfrogs
  A necrophage (Swamp:2)
  3 scorpions
  A glowing shapeshifter simulacrum (IceCv)
  7 wights
  Dowan (D:6)
  10 killer bees
  4 electric eels (Lair:3)
  3 quasits (D:9)
  A gnoll bouda (D:6)
  3 human zombies (Ossuary)
  26 orc priests
  Crazy Yiuf (D:7)
  A jelly (D:5)
  3 iguanas
  20 orc wizards
  2 mummies (Ossuary)
  12 gnolls
  9 adders
  A white imp (D:7)
  An ufetubus (D:7)
  An adder zombie (Ossuary)
  4 worms
  2 dart slugs
  82 orcs
  6 endoplasms
  11 giant cockroaches
  11 goblins
  8 hobgoblins
  15 jackals
  23 kobolds
  4 quokkas
  15 ball pythons
  5 bats
  2 frilled lizards
  A goblin zombie (Ossuary)
  8 hobgoblin zombies (Ossuary)
  12 kobold zombies (Ossuary)
  7 orc zombies (Ossuary)
  11 rats
  4 rat zombies (Ossuary)
728 creatures vanquished.

Vanquished Creatures (collateral kills)
  A naga mage (Snake:2)
  A hornet (Swamp:1)
  A blink frog (Lair:1)
  A spriggan (Swamp:1)
4 creatures vanquished.

Vanquished Creatures (others)
  An orc sorcerer (Orc:2)
  2 bloated husks
  A hornet (Swamp:3)
  A yak (Lair:1)
  A neqoxec (Swamp:4)
  2 orc warriors
  An orc priest (D:3)
  An orc wizard (D:6)
  A demonic plant (D:9)
  6 foxfires
  57 fungi
  74 plants
148 creatures vanquished.

Grand Total: 880 creatures vanquished

Notes
Turn   | Place    | Note
-------+----------+-------------------------------------------
     0 | D:5      | drugrobin the Demigod Delver began the quest for the Orb.
     0 | D:5      | Reached XP level 1. HP: 18/18 MP: 3/3
    22 | D:5      | Noticed a black bear
    47 | D:5      | Found a staircase to the Ecumenical Temple.
    68 | D:4      | Noticed Edmund
    72 | D:3      | Noticed an orc wizard
   122 | D:3      | Reached skill level 2 in Unarmed Combat
   258 | D:3      | Found a glowing drain.
   297 | D:3      | Reached XP level 2. HP: 24/25 MP: 4/4
   317 | Sewer    | Entered a sewer
   350 | Sewer    | Reached skill level 3 in Unarmed Combat
   531 | Sewer    | Reached XP level 3. HP: 27/30 MP: 5/5
   765 | Sewer    | Noticed a kobold brigand
  1269 | D:2      | Reached skill level 4 in Unarmed Combat
  1474 | D:1      | Reached XP level 4. HP: 37/37 MP: 6/6
  2923 | D:3      | Reached skill level 5 in Unarmed Combat
  2923 | D:3      | Reached XP level 5. HP: 37/42 MP: 5/7
  3573 | D:5      | Reached skill level 6 in Unarmed Combat
  3573 | D:5      | Reached XP level 6. HP: 50/50 MP: 8/8
  4186 | D:5      | Reached skill level 7 in Unarmed Combat
  4231 | D:5      | Noticed a water moccasin
  4394 | D:5      | Killed a water moccasin
  4395 | D:5      | Reached XP level 7. HP: 32/56 MP: 5/9
  4953 | D:6      | Reached skill level 8 in Unarmed Combat
  5036 | D:6      | Noticed Duvessa
  5084 | D:6      | Killed Duvessa
  5150 | D:6      | Noticed Dowan
  5289 | D:7      | Found a sand-covered staircase.
  5298 | Ossuary  | Entered an ossuary
  5557 | Ossuary  | Reached skill level 9 in Unarmed Combat
  5638 | D:7      | Reached XP level 8. HP: 49/62 MP: 7/10
  5887 | D:7      | Reached skill level 10 in Unarmed Combat
  6233 | D:7      | Found a runed translucent door.
  6234 | D:7      | Noticed Crazy Yiuf
  6372 | D:7      | Killed Crazy Yiuf
  6469 | D:8      | Noticed Psyche
  6531 | D:7      | Reached skill level 11 in Unarmed Combat
  6818 | D:7      | Reached XP level 9. HP: 39/68 MP: 8/11
  6957 | D:7      | Killed Psyche
  6958 | D:7      | Reached skill level 12 in Unarmed Combat
  7317 | D:8      | Reached skill level 13 in Unarmed Combat
  7399 | D:8      | Found a staircase to the Lair.
  7399 | D:8      | Noticed an elephant
  7429 | D:8      | Killed an elephant
  7681 | D:8      | Noticed a death knight
  7682 | D:8      | Found a runed translucent door.
  7684 | D:8      | Noticed a rakshasa
  7817 | D:8      | Reached XP level 10. HP: 74/77 MP: 11/13
  8238 | D:6      | Noticed a two-headed ogre
  8370 | D:6      | Killed Dowan
  8410 | D:6      | Learned a level 1 spell: Summon Small Mammal
  8415 | D:6      | Noticed Menkaure
  8626 | D:6      | Got the Tractate on Frostbite and Modification
  8658 | D:6      | Killed a two-headed ogre
  8659 | D:6      | Reached skill level 14 in Unarmed Combat
  9405 | D:9      | Found a staircase to the Orcish Mines.
  9562 | D:9      | Reached skill level 5 in Fighting
  9831 | D:9      | Noticed a two-headed ogre
  9866 | Lair:1   | Entered Level 1 of the Lair of Beasts
 10026 | D:8      | Learned a level 1 spell: Sting
 10325 | Lair:1   | Reached skill level 15 in Unarmed Combat
 10407 | Lair:1   | Reached XP level 11. HP: 53/89 MP: 8/14
 11992 | Lair:2   | Reached skill level 16 in Unarmed Combat
 12226 | Lair:2   | Noticed a death yak
 12265 | Lair:1   | Killed a death yak
 12546 | Lair:2   | Noticed Erica
 12613 | Lair:3   | Found a staircase to the Swamp.
 13315 | Lair:3   | Noticed a five-headed hydra
 13327 | Lair:3   | Killed a five-headed hydra
 13328 | Lair:3   | Reached XP level 12. HP: 56/102 MP: 6/15
 13336 | Lair:3   | Reached skill level 17 in Unarmed Combat
 13366 | Lair:3   | HP: 3/102 [blink frog (11)]
 14140 | Lair:4   | Noticed a catoblepas
 14163 | Lair:4   | Killed a catoblepas
 15847 | Lair:5   | Entered Level 5 of the Lair of Beasts
 16156 | Lair:3   | Reached skill level 18 in Unarmed Combat
 17033 | Lair:5   | Noticed a catoblepas
 17045 | Lair:5   | Killed a catoblepas
 17092 | Lair:5   | Learned a level 1 spell: Apportation
 17109 | Lair:5   | Noticed a six-headed hydra
 17116 | Lair:5   | Noticed a five-headed hydra
 17120 | Lair:5   | Killed a six-headed hydra
 17121 | Lair:5   | Reached skill level 10 in Fighting
 17322 | Lair:5   | Reached XP level 13. HP: 85/113 MP: 10/16
 17546 | Lair:5   | Found a staircase to the Slime Pits.
 18035 | Lair:5   | Noticed a dire elephant
 18248 | Lair:2   | Killed Erica
 18451 | Lair:2   | Found a staircase to the Snake Pit.
 19403 | D:10     | Entered Level 10 of the Dungeon
 19622 | D:10     | Found Agigohug's Antique Weapon Shop.
 19706 | D:10     | Reached skill level 1 in Evocations
 19949 | D:10     | Reached skill level 19 in Unarmed Combat
 20323 | Orc:1    | Entered Level 1 of the Orcish Mines
 20323 | Orc:1    | Noticed an orc warlord
 20803 | D:9      | Killed an orc warlord
 21872 | Orc:2    | Entered Level 2 of the Orcish Mines
 22055 | Orc:2    | Noticed Jorgrun
 22085 | Orc:2    | Killed Jorgrun
 22214 | Orc:2    | Found a staircase to the Elven Halls.
 22684 | Orc:2    | Found Route's General Store.
 22692 | Orc:2    | Found Zeluumef's General Store.
 22893 | Orc:2    | Bought a potion of heal wounds for 50 gold pieces
 22893 | Orc:2    | Bought a potion of curing for 30 gold pieces
 22893 | Orc:2    | Bought a scroll of identify for 20 gold pieces
 22893 | Orc:2    | Bought a scroll of teleportation for 30 gold pieces
 23988 | Orc:2    | Reached XP level 14. HP: 57/124 MP: 7/17
 24313 | Orc:2    | Found Moifem's Antique Armour Shop.
 24313 | Orc:2    | Found Miawkiech's Jewellery Boutique.
 24324 | Orc:2    | Reached skill level 20 in Unarmed Combat
 24387 | Orc:2    | Found a one-way gate leading to the halls of Pandemonium.
 24393 | Orc:2    | Bought the ring "Iremoes" {Contam EV+5 Str+7 SInv} for 675
                  | gold pieces
 24393 | Orc:2    | Bought an amulet of regeneration for 360 gold pieces
 24879 | Lair:5   | Found the +3 pair of gauntlets of War {Slay+5}
 24906 | Lair:5   | Identified the +4 morningstar "Buaczos" {protect, Int+5}
 25171 | D:4      | Killed Edmund
 25279 | D:6      | Killed Menkaure
 25464 | Swamp:1  | Entered Level 1 of the Swamp
 25472 | Swamp:1  | Identified the +9 sling of Sedallai {heavy, rF+}
 26325 | Swamp:2  | Noticed a ghoul
 26710 | Swamp:2  | Noticed a ghoul
 26750 | Swamp:2  | Killed a ghoul
 26999 | Swamp:2  | Killed a ghoul
 27171 | Swamp:2  | Identified the +1 cloak of the Salamander {Will+} (You
                  | found it on level 2 of the Swamp)
 27435 | Swamp:3  | Identified the +2 robe "Ashruut" {Str+6}
 27812 | Swamp:3  | Reached skill level 21 in Unarmed Combat
 28379 | Swamp:3  | Identified the +0 pair of gloves of Joufacva {rC+}
 28460 | Swamp:4  | Entered Level 4 of the Swamp
 28814 | Swamp:4  | Reached XP level 15. HP: 132/134 MP: 18/18
 29162 | Swamp:4  | Noticed Mlioglotl
 29172 | Swamp:4  | Killed Mlioglotl
 29272 | Swamp:4  | Noticed Mara
 29530 | Snake:1  | Entered Level 1 of the Snake Pit
 30128 | Snake:1  | Noticed Aizul
 30210 | Snake:1  | Reached skill level 22 in Unarmed Combat
 30293 | Snake:1  | Found Iddol's Book Emporium.
 30397 | Snake:1  | Killed Aizul
 30524 | Snake:1  | Found Hil Iseb's Distillery.
 30531 | Snake:1  | Found Ytiuzeic's General Store.
 30532 | Snake:1  | Found Linib's Assorted Antiques.
 30669 | Snake:2  | Found a frozen archway.
 30677 | Snake:2  | HP: 2/137 [freezing wraith (12)]
 30678 | IceCv    | Entered an ice cave
 31450 | IceCv    | Demolished by a titanic slime creature

Illustrated notes

Levels and vault maps discovered:
D:1:      dpeg_arrival_simpleton_c, layout_loops_ring
D:2:      layout_loops_ring, serial_rivers, chequers_serial_rivers_room_b,
          chequers_serial_rivers_small_3, chequers_serial_rivers_micro_b,
          chequers_serial_rivers_large_b, chequers_serial_rivers_large_a,
          basic_altar, st_stairs_2, skrybe_limestone_x,
          kennysheep_generic_room_12
D:3:      layout_basic, gup_sewer_entry_glass, kennysheep_orc_chapel
D:4:      layout_basic, grunt_ministairs_9, uniq_edmund
D:5:      layout_loops_corners, temple_pool_b, corexii_hall_statues_l,
          minmay_strange_pillars
D:6:      layout_basic, tso_metal_star, uniq_menkaure, uniq_duvessa
D:7:      layout_rooms, nicolae_ossuary_entry_monument, uniq_crazy_yiuf_cottage
D:8:      minmay_gate_of_8, layout_basic, david_lair_generic, uniq_psyche
D:9:      layout_roguey, david_orc_2, serial_demonic, serial_demonic_f,
          serial_demonic_b, serial_demonic_b, serial_demonic_c
D:10:     nzn_winding_woodlands_large [nzn_winding_woodlands_5x5_three,
          nzn_winding_woodlands_5x15_zeroes, nzn_winding_woodlands_5x5_cross,
          nzn_winding_woodlands_center_garden,
          nzn_winding_woodlands_15x15_boxy_spiral,
          nzn_winding_woodlands_center_triple_pond,
          nzn_winding_woodlands_5x5_perimeter,
          nzn_winding_woodlands_5x15_default,
          nzn_winding_woodlands_5x5_default], layout_gridville,
          nicolae_trove_entry_isolated, nicolae_stop_n_shop_1, uniq_erolcha
Lair:1:   layout_regular_city, grunt_megastairs_3
Lair:2:   layout_gridlike, guppyfry_snake_entry_island,
          grunt_forest_large_clearing_hut, uniq_erica
Lair:3:   layout_gridlike, swamp_mist, serial_bayou_lagoon_b
Lair:4:   layout_roguey
Lair:5:   grunt_lair_end_beastmaster, layout_long_grid,
          minmay_slime_entry_oklob_open
Swamp:1:  layout_basic_swamp, evilmike_swamp_ruin_rubble_2
Swamp:2:  layout_falls_marsh, nicolae_swamp_decorative_isthmus
Swamp:3:  layout_basic_swamp, nicolae_swamp_big_swirl, swamp_pool4,
          nicolae_swamp_triple_paths, nicolae_swamp_orc_logging_accident
Swamp:4:  nzn_swamp_witches_coven, layout_basic_swamp, uniq_mlioglotl, uniq_mara
Snake:1:  layout_misc_corridors, minmay_shop_grid_forest, uniq_aizul
Snake:2:  layout_basic, serial_shops, shop, portal_ice_cave_entry_frozen_things,
          minmay_shop_star, grunt_megastairs_2, serial_bayou_shore_a
Orc:1:    layout_caves, mines2_david
Orc:2:    pf_orc_diabolical, layout_diamond_mine, uniq_jorgrun
IceCv:    ice_cave_hellmonk_azure_passage

Skill      XL: |  1  2  3  4  5  6  7  8  9 10 11 12 13 14 15 |
---------------+----------------------------------------------+-----
Unarmed Combat | 2 3 4 5 6 7 9 11 13 15 16 18 19 21 22 | 22.3
Fighting       | 3 5 8 10 11 12 13 | 13.8
Evocations     | 4 |  4.0
Dodging        | |  1.7
Stealth        | |  4.5

Action                   |  1- 3 |  4- 6 |  7- 9 | 10-12 | 13-15 || total
-------------------------+-------+-------+-------+-------+-------++-------
Melee: Unarmed           |   205 |   360 |   464 |   777 |  1094 ||  2900
       Punch             |     4 |     9 |    28 |    79 |    68 ||   188
       Dagger            |       |       |       |    22 |       ||    22
 Fire: Sling             |     7 |    15 |     9 |    46 |   121 ||   198
       Arbalest          |       |       |       |       |     4 ||     4
Throw: Dart              |       |     5 |     7 |     2 |    10 ||    24
       Boomerang         |       |       |     7 |    23 |    54 ||    84
       Throwing net      |       |       |     1 |       |       ||     1
 Cast: Summon Small Mamm |       |       |       |    41 |    32 ||    73
       Sting             |       |       |       |    13 |     4 ||    17
       Apportation       |       |       |       |     1 |     3 ||     4
Evoke: Wand              |     4 |     1 |     4 |    14 |    30 ||    53
  Use: Scroll            |     1 |       |    13 |    10 |    10 ||    34
       Potion            |       |       |       |     4 |     3 ||     7
 Stab: Sleeping          |     4 |     4 |     3 |       |     6 ||    17
       Held in net/web   |       |       |     2 |       |       ||     2
       Distracted        |       |       |     1 |     2 |     8 ||    11
       Petrified         |       |       |       |     4 |       ||     4
       Invisible         |       |       |       |       |     2 ||     2
Armor: Leather armour    |    37 |    35 |       |       |       ||    72
       Plate armour      |    60 |       |       |       |    50 ||   110
       Swamp dragon scal |       |   104 |   188 |   273 |   240 ||   805
       Skin              |       |       |    13 |       |     7 ||    20
       Robe              |       |       |       |       |    28 ||    28
       Chain mail        |       |       |       |       |    15 ||    15
Dodge: Dodged            |    94 |   218 |   237 |   347 |   466 ||  1362
Block: Buckler           |       |       |       |       |    66 ||    66

Table legend: (Time is in decaauts)
 A = Elapsed time spent in this place.
 B = Non-inter-level travel time spent in this place.
 C = Inter-level travel time spent in this place.
 D = Time resting spent in this place.
 E = Time spent auto-exploring this place.
 F = Levels seen in this place.
 G = Mean time per level.
                   A        B        C        D        E       F      G
               +--------+--------+--------+--------+--------+-----+--------+
         Total |  31001 |  28951 |   2050 |   6375 |  13244 |  26 | 1192.3 |
       Dungeon |  11532 |  10424 |   1108 |   1765 |   5072 |  10 | 1153.2 |
          Lair |   9509 |   8822 |    687 |   2010 |   4641 |   5 | 1901.8 |
         Swamp |   3880 |   3743 |    137 |   1128 |   1310 |   4 |  970.0 |
     Snake Pit |    975 |    909 |     66 |    135 |    416 |   2 |  487.5 |
  Orcish Mines |   3349 |   3299 |     50 |    935 |   1326 |   2 | 1674.5 |
         Sewer |    722 |    722 |      0 |     82 |    241 |   1 |  722.0 |
       Ossuary |    295 |    295 |      0 |      0 |     88 |   1 |  295.0 |
      Ice Cave |    735 |    735 |      0 |    318 |    149 |   1 |  735.0 |
               +--------+--------+--------+--------+--------+-----+--------+

Top non-repeatable levels by time:
   Orc:2: 2623 daAuts
  Lair:4: 2046 daAuts
  Lair:2: 2023 daAuts
     D:9: 1975 daAuts
  Lair:1: 1970 daAuts
  Lair:5: 1948 daAuts
     D:7: 1658 daAuts
  Lair:3: 1521 daAuts
     D:8: 1377 daAuts
     D:5: 1362 daAuts
 Swamp:3: 1314 daAuts
     D:6: 1294 daAuts
 Swamp:1: 1159 daAuts
     D:2: 958 daAuts
 Snake:1: 916 daAuts
